 Dungeon Crawl Stone Soup version 0.31-a0-18-gea43df2a32 (webtiles) character file.

Game seed: 7630971416072682317

93 SleepyOcean the Ruffian (level 4, 0/40 HPs)
             Began as a Ghoul Monk on May 11, 2023.
             Was a Priest of Nemelex Xobeh.
             Slain by a jackal (1 damage)
             ... on level 3 of the Dungeon.
             The game lasted 00:10:41 (1611 turns).

SleepyOcean the Ruffian (Ghoul Monk)                Turns: 1611, Time: 00:10:41

Health: 0/40       AC:  3    Str: 16    XL:     4   Next: 61%
Magic:  3/3        EV:  9    Int:  5    God:    Nemelex Xobeh [***...]
Gold:   91         SH:  5    Dex: 11    Spells: 3/3 levels left

rFire   . . .        l - +0 trident
rCold   + . .        c - orb {light}
rNeg    + + +        n - +0 leather armour
rPois   ∞            e - +0 hat
rElec   .            (no cloak)
rCorr   .            (no gloves)
SInv    .            (no boots)
Will    .....        m - amulet of reflection
Stlth   +            (no ring)
HPRegen 0.00/turn    (no ring)
MPRegen 0.08/turn

%: reflection
@: grasped by roots, inhibited regen, glowing, constricted
A: claws 1, cold resistance 1, negative energy resistance 3, inhibited
regeneration, torment resistance 2, devour on kill
a: Renounce Religion, Draw Escape, Draw Destruction, Draw Summoning, Triple Draw


You were on level 3 of the Dungeon.
You worshipped Nemelex Xobeh.
Nemelex Xobeh was most pleased with you.
You visited 1 branch of the dungeon, and saw 3 of its levels.

You collected 91 gold pieces.

Inventory:

Hand Weapons
 d - a +0 short sword
 l - a +0 trident (weapon)
Armour
 c - an orb of light (worn)
 e - a +0 hat (worn)
 g - a +0 ring mail
 n - a +0 leather armour (worn)
Jewellery
 m - an amulet of reflection (around neck)
Scrolls
 f - 2 scrolls of identify
Potions
 a - a potion of mutation
 b - a potion of ambrosia
 h - a potion of heal wounds {unknown}
 i - 2 potions of flight {unknown}
 j - a potion of lignification {unknown}
 k - 4 potions of berserk rage {unknown}


   Skills:
 + Level 3.8 Fighting
 + Level 0.6 Polearms
 + Level 0.7 Armour
 + Level 3.1 Dodging
 + Level 0.2 Stealth
 + Level 4.6 Unarmed Combat


You had 3 spell levels left.
You didn't know any spells.
Your spell library contained the following spells:

 Spells                   Type           Power      Damage    Failure   Level
 Freeze                   Ice            0%         1d3       54%         1
 Slow                     Hex            0%         N/A       54%         1
 Confusing Touch          Hex            0%         N/A       89%         3
 Frozen Ramparts          Ice            0%         1d1       89%         3
 Hailstorm                Conj/Ice       0%         3d3       89%         3
 Vampiric Draining        Necr           0%         2d6       89%         3


Dungeon Overview and Level Annotations

Branches:
Dungeon (3/15)

Altars:
Nemelex Xobeh

Annotations:
D:3 Grinder


Innate Abilities, Weirdness & Mutations

You are immune to poison.
You have sharp fingernails.
Your flesh is cold resistant. (rC+)
You are immune to negative energy. (rN+++)
You do not regenerate when monsters are visible.
You are immune to unholy pain and torment.
You thrive by killing the living.


Message History

The endoplasm misses you. The jackal closely misses you. The jackal bites you.
The jackal bites you but does no damage.
You puncture Grinder!
Grinder is moderately wounded.
Grinder blinks!
The endoplasm freezes you.
You are frozen.
You resist. You block the jackal's attack. The jackal misses you.
The jackal closely misses you.
Grinder says, "Don't move a muscle."
Grinder zaps a wand.
The roots erupt in riotous growth!
The grasping roots grab you!
The endoplasm is unaffected.
The jackal is unaffected. x2
Grinder is unaffected.
The jackal is unaffected.
The grasping roots constrict you! The endoplasm barely misses you.
You hear a shout!
You escape the roots grasp.
The jackal barely misses you. The jackal bites you. Grinder hits you.
* * * LOW HITPOINT WARNING * * *
You block the endoplasm's attack. The jackal attacks as you move away!
The jackal bites you but does no damage.
The jackal attacks as you move away! The jackal bites you.
* * * LOW HITPOINT WARNING * * *
Grinder attacks as you move away! You block Grinder's attack.
The endoplasm freezes you.
You are frozen.
You resist.
* * * LOW HITPOINT WARNING * * *
The jackal attacks as you move away! The jackal closely misses you.
Grinder says, "Tell me all your secrets, or I'll kill you."
You block the jackal's attack.
The jackal bites you but does no damage.
Grinder zaps a wand.
The roots erupt in riotous growth!
The jackal is unaffected. x3
The grasping roots grab you! The grasping roots constrict you.
* * * LOW HITPOINT WARNING * * *
The roots grasp on you weakens, but your attempt to escape fails.
The jackal barely misses you. The jackal bites you.
You die...
Your body glows with a rainbow of weird colours and disappears.

###### ....##
#... #####..####
#........<#
#....J@..##
#....hhh..#.##
#?.............
#...†5†........
#....)......#...
#....#####..# ..
#.... ..# .
#.#.# ..# #$#.
.#


You could see Grinder, an endoplasm and 3 jackals.

Vanquished Creatures
  An adder (D:2)
  5 dart slugs
  2 worms (D:2)
  An orc (D:2)
  5 ball pythons
  9 endoplasms
  3 giant cockroaches
  7 goblins
  8 hobgoblins
  3 jackals
  2 kobolds (D:2)
  A quokka (D:1)
  8 bats
  A frilled lizard (D:2)
  2 rats
58 creatures vanquished.

Notes
Turn   | Place    | Note
-------+----------+-------------------------------------------
     0 | D:1      | SleepyOcean the Ghoul Monk began the quest for the Orb.
     0 | D:1      | Reached XP level 1. HP: 19/19 MP: 0/0
   113 | D:1      | Reached XP level 2. HP: 19/26 MP: 1/1
   539 | D:1      | Reached XP level 3. HP: 31/31 MP: 2/2
   607 | D:1      | Found a faded altar of an unknown god.
   731 | D:1      | Prayed at the altar of an unknown god.
   731 | D:1      | Became a worshipper of Nemelex Xobeh the Trickster
   731 | D:1      | Reached * piety under Nemelex Xobeh
   731 | D:1      | Received a gift from Nemelex Xobeh
   731 | D:1      | Reached ** piety under Nemelex Xobeh
   790 | D:2      | Reached skill level 4 in Unarmed Combat
   865 | D:2      | Reached *** piety under Nemelex Xobeh
   937 | D:2      | Received a gift from Nemelex Xobeh
   961 | D:2      | Reached XP level 4. HP: 28/40 MP: 3/3
  1600 | D:3      | Noticed Grinder
  1610 | D:3      | HP: 1/40 [constriction (5)]
  1611 | D:3      | Slain by a jackal

Illustrated notes

Levels and vault maps discovered:
D:1:      minmay_arrival_stair_chambers, layout_loops_cross,
          chequers_ecumenical_altar_simple, minmay_tetromino_l4
D:2:      layout_loops_ring, minmay_randomly_rotated_circles
D:3:      layout_basic, grunt_temple_overflow_open, tso_altar,
          mainiacjoe_overflow_small_starburst, chequers_serial_rivers_room_b,
          chequers_serial_rivers_micro_a, minivault_5, minmay_distorted,
          uniq_grinder

Skill      XL: |  1  2  3 |
---------------+----------+-----
Dodging        | 3 |  3.1
Unarmed Combat | 4 |  4.6
Fighting       | |  3.8
Polearms       | |  0.6
Armour         | |  0.7
Stealth        | |  0.2

Action                     |  1- 3 |  4- 6 || total
---------------------------+-------+-------++-------
  Melee: Unarmed           |    89 |     2 ||    91
         Trident           |       |    53 ||    53
    Use: Scroll            |     2 |     2 ||     4
 Armour: Ring mail         |    40 |    13 ||    53
         Robe              |     1 |       ||     1
         Leather armour    |       |     9 ||     9
  Dodge: Dodged            |    65 |    40 ||   105
  Block: Orb               |       |    13 ||    13
         Reflection        |       |     1 ||     1

Table legend: (Time is in decaauts)
 A = Elapsed time spent in this place.
 B = Non-inter-level travel time spent in this place.
 C = Inter-level travel time spent in this place.
 D = Time resting spent in this place.
 E = Time spent auto-exploring this place.
 F = Levels seen in this place.
 G = Mean time per level.
                   A        B        C        D        E       F      G
               +--------+--------+--------+--------+--------+-----+--------+
         Total |   1619 |   1333 |    286 |      0 |    909 |   3 |  539.7 |
       Dungeon |   1619 |   1333 |    286 |      0 |    909 |   3 |  539.7 |
               +--------+--------+--------+--------+--------+-----+--------+

Top non-repeatable levels by time:
     D:2: 848 daAuts
     D:1: 746 daAuts
     D:3: 23 daAuts
